| TOP OF THE 1ST |
|
Dayton Dragons batting - Pitching for Hagerstown Suns : LHP Johnny Busse
|
|
Pitching: LHP Johnny Busse
|
|
|
Batting: RHB Jake Savell
|
0-0: Ball 1-0: Foul Ball, location: 2F 1-1: Ball 2-1: Swinging Strike 2-2: Ball 3-2: Foul Ball, location: 2F 3-2: Strikes out looking
|
|
Batting: LHB Leo Gomez
|
0-0: Ball 1-0: Ball 2-0: Swinging Strike 2-1: Ball 3-1: Called Strike 3-2: Strikes out swinging
|
|
Batting: RHB Mark Williams
|
0-0: Fly out, F9 (Line Drive, 9S, EV 86.9 MPH)
|
| Top of the 1st over - 0 runs, 0 hits, 0 errors, 0 left on base; Dayton 0 - Hagerstown 0 |
| BOTTOM OF THE 1ST |
|
Hagerstown Suns batting - Pitching for Dayton Dragons : LHP Jason St. Clair
|
|
Pitching: LHP Jason St. Clair
|
|
|
Batting: RHB Bobby Bricker
|
0-0: Called Strike 0-1: SINGLE (Groundball, 4, EV 95.0 MPH)
|
|
Batting: RHB Leo Gutierrez
|
0-0: Called Strike 0-1: Foul Ball, location: 2F 0-2: Ball 1-2: SINGLE (Groundball, 56D, EV 98.8 MPH) Bobby Bricker to second
|
|
Batting: RHB Slavik Nebrodov
|
0-0: Foul Ball, location: 2F 0-1: Fielders Choice at 2nd, 6-4 (Groundball, 6, EV 79.4 MPH) Bobby Bricker to third
|
|
Batting: RHB Bryan Wheeler
|
0-0: Called Strike 0-1: Ball 1-1: Ground out 6-3 (Groundball, 6S, EV 62.5 MPH) Bobby Bricker scores Slavik Nebrodov to second
|
|
Batting: RHB Ben Welt
|
0-0: Called Strike 0-1: Ball 1-1: Ball 2-1: Ball 3-1: Base on Balls
|
|
Batting: RHB Antonio Morado
|
0-0: Ball 1-0: Called Strike 1-1: Foul Ball, location: 2F 1-2: Ball 2-2: Foul Ball, location: 2F 2-2: Ball 3-2: Strikes out swinging
|
| Bottom of the 1st over - 1 run, 2 hits, 0 errors, 2 left on base; Dayton 0 - Hagerstown 1 |
| TOP OF THE 2ND |
|
Dayton Dragons batting - Pitching for Hagerstown Suns : LHP Johnny Busse
|
|
Batting: RHB Andy Bachman
|
0-0: Called Strike 0-1: Fly out, F8 (Flyball, 8LD, EV 106.9 MPH)
|
|
Batting: RHB Juan Zamora
|
0-0: Ball 1-0: Ball 2-0: Foul Ball, location: 2F 2-1: Foul Ball, location: 2F 2-2: SINGLE (Flyball, 3D, EV 85.0 MPH)
|
|
Batting: RHB Ernie Maldonado
|
0-0: Fly out, F8 (Line Drive, 8LM, EV 95.0 MPH)
|
|
Batting: LHB Chris Redhead
|
0-0: Called Strike 0-1: Called Strike 0-2: SINGLE (Groundball, 4MD, EV 103.1 MPH) Juan Zamora to second
|
|
Batting: LHB Tim Kirk
|
0-0: Ball 1-0: Ball 2-0: Fielders Choice at 2nd, 6-4 (Groundball, 6, EV 105.0 MPH)
|
| Top of the 2nd over - 0 runs, 2 hits, 0 errors, 2 left on base; Dayton 0 - Hagerstown 1 |
| BOTTOM OF THE 2ND |
|
Hagerstown Suns batting - Pitching for Dayton Dragons : LHP Jason St. Clair
|
|
Batting: SHB Alex Medina
|
0-0: Swinging Strike 0-1: Swinging Strike 0-2: Ball 1-2: Ball 2-2: Hit by Pitch
|
|
Batting: LHB Vince McLane
|
0-0: Fly out, F6 (Line Drive, 6, EV 71.2 MPH)
|
|
Batting: LHB Yasuo Igarashi
|
0-0: Ball 1-0: Foul Ball, location: 2F 1-1: Swinging Strike 1-2: Ball 2-2: Foul Ball, location: 2F 2-2: Ball 3-2: Foul Ball, location: 2F 3-2: Foul Ball, location: 2F 3-2: Foul Ball, location: 2F 3-2: Foul Ball, location: 2F 3-2: Hit by Pitch Alex Medina to second
|
|
Batting: RHB Bobby Bricker
|
0-0: Ball 1-0: Ball 2-0: Ball 3-0: Foul Ball, location: 2F 3-1: Base on Balls Alex Medina to third Yasuo Igarashi to second
|
|
Batting: RHB Leo Gutierrez
|
0-0: Called Strike 0-1: Ball 1-1: Swinging Strike 1-2: Ball 2-2: Strikes out swinging
|
|
Batting: RHB Slavik Nebrodov
|
0-0: Called Strike 0-1: Ball Wild Pitch! Alex Medina scores Yasuo Igarashi to third Bobby Bricker to second 1-1: Foul Ball, location: 2F 1-2: Ball 2-2: Ball 3-2: Base on Balls
|
|
Batting: RHB Bryan Wheeler
|
0-0: Ball 1-0: Called Strike 1-1: Fly out, F8 (Flyball, 78M, EV 92.5 MPH)
|
| Bottom of the 2nd over - 1 run, 0 hits, 0 errors, 3 left on base; Dayton 0 - Hagerstown 2 |
| TOP OF THE 3RD |
|
Dayton Dragons batting - Pitching for Hagerstown Suns : LHP Johnny Busse
|
|
Batting: RHB Yutaka Sato
|
0-0: Called Strike 0-1: SINGLE (Groundball, 5D, EV 98.8 MPH)
|
|
Batting: RHB Jake Savell
|
0-0: Called Strike 0-1: Ball Wild Pitch! Yutaka Sato to second 1-1: Ball 2-1: Ground out 6-3 (Groundball, 6, EV 86.9 MPH)
|
|
Batting: LHB Leo Gomez
|
0-0: Ball 1-0: Ball 2-0: Called Strike 2-1: Foul Ball, location: 2F 2-2: Ground out U3 (Groundball, 34, EV 86.2 MPH) Yutaka Sato to third
|
|
Batting: RHB Mark Williams
|
0-0: Ball 1-0: Ball 2-0: Called Strike 2-1: Called Strike 2-2: Strikes out swinging
|
| Top of the 3rd over - 0 runs, 1 hit, 0 errors, 1 left on base; Dayton 0 - Hagerstown 2 |
| BOTTOM OF THE 3RD |
|
Hagerstown Suns batting - Pitching for Dayton Dragons : LHP Jason St. Clair
|
|
Batting: RHB Ben Welt
|
0-0: Ball 1-0: Ball 2-0: Swinging Strike 2-1: Ground out U3 (Groundball, 23, EV 86.2 MPH)
|
|
Batting: RHB Antonio Morado
|
0-0: Foul Ball, location: 2F 0-1: Ground out 6-3 (Groundball, 6, EV 86.2 MPH)
|
|
Batting: SHB Alex Medina
|
0-0: Ball 1-0: Ball 2-0: Called Strike 2-1: Called Strike 2-2: Ball 3-2: Hit by Pitch
|
|
Batting: LHB Vince McLane
|
0-0: Fielders Choice at 2nd, 6-4 (Groundball, 4M, EV 92.5 MPH)
|
| Bottom of the 3rd over - 0 runs, 0 hits, 0 errors, 1 left on base; Dayton 0 - Hagerstown 2 |
| TOP OF THE 4TH |
|
Dayton Dragons batting - Pitching for Hagerstown Suns : LHP Johnny Busse
|
|
Batting: RHB Andy Bachman
|
0-0: Foul Ball, location: 2F 0-1: Ground out 4-3 (Groundball, 4, EV 78.8 MPH)
|
|
Batting: RHB Juan Zamora
|
0-0: Called Strike 0-1: Foul Ball, location: 2F 0-2: Fly out, F8 (Flyball, 8RD, EV 100.0 MPH)
|
|
Batting: RHB Ernie Maldonado
|
0-0: Called Strike 0-1: Ball 1-1: Foul Ball, location: 2F 1-2: Strikes out swinging
|
| Top of the 4th over - 0 runs, 0 hits, 0 errors, 0 left on base; Dayton 0 - Hagerstown 2 |
| BOTTOM OF THE 4TH |
|
Hagerstown Suns batting - Pitching for Dayton Dragons : LHP Jason St. Clair
|
|
Batting: LHB Yasuo Igarashi
|
0-0: Ball 1-0: Called Strike 1-1: Ball 2-1: Foul Ball, location: 2F 2-2: Ball 3-2: Strikes out swinging
|
|
Batting: RHB Bobby Bricker
|
0-0: Foul Ball, location: 2F 0-1: Ball 1-1: Ball 2-1: Ball 3-1: Base on Balls
|
|
Batting: RHB Leo Gutierrez
|
0-0: Ball Bobby Bricker steals 2nd base 1-0: Called Strike 1-1: Fly out, F4 (Popup, 34, EV 79.4 MPH)
|
|
Batting: RHB Slavik Nebrodov
|
0-0: Ball 1-0: Called Strike 1-1: Hit by Pitch
|
|
Batting: RHB Bryan Wheeler
|
0-0: Swinging Strike 0-1: Swinging Strike 0-2: 3-RUN HOME RUN (Line Drive, 78XD, EV 113.1 MPH), Distance : 407 ft
|
|
Pitching: RHP Aaron McArdle
|
|
|
Batting: RHB Ben Welt
|
0-0: Ball 1-0: Foul Ball, location: 2F 1-1: Foul Ball, location: 2F 1-2: Foul Ball, location: 2F 1-2: Ball 2-2: Strikes out looking
|
| Bottom of the 4th over - 3 runs, 1 hit, 0 errors, 0 left on base; Dayton 0 - Hagerstown 5 |
| TOP OF THE 5TH |
|
Dayton Dragons batting - Pitching for Hagerstown Suns : LHP Johnny Busse
|
|
Batting: LHB Chris Redhead
|
0-0: Ball 1-0: Called Strike 1-1: Ball 2-1: DOUBLE (Flyball, 8RD, EV 98.8 MPH)
|
|
Batting: LHB Tim Kirk
|
0-0: Ball 1-0: Ball 2-0: SINGLE (Groundball, 4MD, EV 107.5 MPH) Chris Redhead to third Runner from 3rd tries for Home, SAFE, throw by CF to home
|
|
Batting: RHB Yutaka Sato
|
0-0: Called Strike 0-1: Ball 1-1: Called Strike 1-2: Ball 2-2: Ball 3-2: Strikes out looking
|
|
Batting: RHB Jake Savell
|
0-0: Ball 1-0: Ball 2-0: Ball 3-0: Called Strike 3-1: Foul Ball, location: 2F 3-2: Foul Ball, location: 2F 3-2: Foul Ball, location: 2F 3-2: SINGLE (Line Drive, 34, EV 95.0 MPH) Tim Kirk to second
|
|
Batting: LHB Leo Gomez
|
0-0: Ball 1-0: Called Strike 1-1: Swinging Strike 1-2: Ground out 3-1 (Groundball, 13, EV 88.8 MPH) Tim Kirk to third Jake Savell to second
|
|
Batting: RHB Mark Williams
|
0-0: Called Strike 0-1: Ball 1-1: Ball 2-1: Ball 3-1: Ground out 4-3 (Groundball, 34, EV 105.0 MPH)
|
| Top of the 5th over - 1 run, 3 hits, 0 errors, 2 left on base; Dayton 1 - Hagerstown 5 |
| BOTTOM OF THE 5TH |
|
Hagerstown Suns batting - Pitching for Dayton Dragons : RHP Aaron McArdle
|
|
Batting: RHB Antonio Morado
|
0-0: Fly out, F9 (Flyball, 89M, EV 86.9 MPH)
|
|
Batting: SHB Alex Medina
|
0-0: Called Strike 0-1: Ball 1-1: Reached on error, E5 (Groundball, 56, EV 105.6 MPH)
|
|
Batting: LHB Vince McLane
|
0-0: Ball 1-0: Ball 2-0: Fielders Choice at 2nd, U6 (Groundball, P, EV 81.2 MPH)
|
|
Batting: LHB Yasuo Igarashi
|
0-0: Ball Vince McLane is caught stealing 2nd base 2-6
|
| Bottom of the 5th over - 0 runs, 0 hits, 1 error, 0 left on base; Dayton 1 - Hagerstown 5 |
| TOP OF THE 6TH |
|
Dayton Dragons batting - Pitching for Hagerstown Suns : LHP Johnny Busse
|
|
Batting: RHB Andy Bachman
|
0-0: SINGLE (Groundball, 4MD, EV 103.1 MPH)
|
|
Batting: RHB Juan Zamora
|
0-0: Called Strike 0-1: Ball 1-1: Foul Ball, location: 2F 1-2: Ball 2-2: Ball 3-2: Ground out 6-3 (Groundball, 6S, EV 68.1 MPH) Andy Bachman to second
|
|
Pitching: LHP Mike Montgomery
|
|
|
Batting: RHB Ernie Maldonado
|
0-0: Called Strike 0-1: Ball 1-1: Foul Ball, location: 2F 1-2: Ball 2-2: Strikes out swinging
|
|
Batting: LHB Chris Redhead
|
0-0: Foul Ball, location: 2F 0-1: Foul Ball, location: 2F 0-2: Ball 1-2: SINGLE (Groundball, 5D, EV 98.8 MPH) Andy Bachman to third Runner from 3rd tries for Home, SAFE, throw by LF to home
|
|
Batting: LHB Tim Kirk
|
0-0: Ball 1-0: Ground out U3 (Groundball, 3, EV 80.6 MPH)
|
| Top of the 6th over - 1 run, 2 hits, 0 errors, 1 left on base; Dayton 2 - Hagerstown 5 |
| BOTTOM OF THE 6TH |
|
Hagerstown Suns batting - Pitching for Dayton Dragons : RHP Aaron McArdle
|
|
Batting: LHB Yasuo Igarashi
|
0-0: Foul Ball, location: 2F 0-1: Called Strike 0-2: Ground out U3 (Groundball, 3, EV 90.0 MPH)
|
|
Batting: RHB Bobby Bricker
|
0-0: Ball 1-0: Foul Ball, location: 2F 1-1: Called Strike 1-2: Ball 2-2: Ball 3-2: Base on Balls
|
|
Batting: RHB Leo Gutierrez
|
0-0: SINGLE (Line Drive, 9, EV 111.9 MPH) Bobby Bricker to second
|
|
Batting: RHB Slavik Nebrodov
|
0-0: Ball Bobby Bricker is caught stealing 3rd base 2-5 Leo Gutierrez to second 1-0: Ball 2-0: Called Strike 2-1: Ball 3-1: Base on Balls
|
|
Batting: RHB Bryan Wheeler
|
0-0: Ball 1-0: Ball 2-0: Ball 3-0: Base on Balls Leo Gutierrez to third Slavik Nebrodov to second
|
|
Pitching: RHP Brian Trejo
|
|
|
Batting: RHB Ben Welt
|
0-0: Ball 1-0: Fly out, F3 (Line Drive, 3, EV 67.5 MPH)
|
| Bottom of the 6th over - 0 runs, 1 hit, 0 errors, 3 left on base; Dayton 2 - Hagerstown 5 |
| TOP OF THE 7TH |
|
Dayton Dragons batting - Pitching for Hagerstown Suns : LHP Mike Montgomery
|
|
Batting: RHB Yutaka Sato
|
0-0: Swinging Strike 0-1: Ground out U3 (Groundball, 3, EV 101.9 MPH)
|
|
Batting: RHB Jake Savell
|
0-0: Ball 1-0: Ball 2-0: Foul Ball, location: 2F 2-1: Foul Ball, location: 2F 2-2: Strikes out swinging
|
|
Batting: LHB Leo Gomez
|
0-0: Ball 1-0: Swinging Strike 1-1: Foul Ball, location: 2F 1-2: Ball 2-2: Foul Ball, location: 2F 2-2: Foul Ball, location: 2F 2-2: Strikes out looking
|
| Top of the 7th over - 0 runs, 0 hits, 0 errors, 0 left on base; Dayton 2 - Hagerstown 5 |
| BOTTOM OF THE 7TH |
|
Hagerstown Suns batting - Pitching for Dayton Dragons : RHP Brian Trejo
|
|
Batting: RHB Antonio Morado
|
0-0: Ball 1-0: Foul Ball, location: 2F 1-1: Swinging Strike 1-2: Ball 2-2: Foul Ball, location: 2F 2-2: Foul Ball, location: 2F 2-2: Strikes out swinging
|
|
Batting: SHB Alex Medina
|
0-0: Fly out, F7 (Flyball, 7LS, EV 82.5 MPH)
|
|
Batting: LHB Vince McLane
|
0-0: Ground out 5-3 (Groundball, 6, EV 98.1 MPH)
|
| Bottom of the 7th over - 0 runs, 0 hits, 0 errors, 0 left on base; Dayton 2 - Hagerstown 5 |
| TOP OF THE 8TH |
|
Dayton Dragons batting - Pitching for Hagerstown Suns : LHP Mike Montgomery
|
|
Pitching: RHP Steve Barnes
|
|
|
Batting: RHB Mark Williams
|
0-0: Ball 1-0: Called Strike 1-1: Fly out, F7 (Flyball, 7D, EV 106.2 MPH)
|
|
Batting: RHB Andy Bachman
|
0-0: Foul Ball, location: 2F 0-1: Called Strike 0-2: Foul Ball, location: 2F 0-2: Fly out, F9 (Flyball, 89M, EV 96.2 MPH)
|
|
Batting: RHB Juan Zamora
|
0-0: Ball 1-0: Ball 2-0: Ball 3-0: Called Strike 3-1: Called Strike 3-2: Ground out 5-3 (Groundball, 5L, EV 78.1 MPH)
|
| Top of the 8th over - 0 runs, 0 hits, 0 errors, 0 left on base; Dayton 2 - Hagerstown 5 |
| BOTTOM OF THE 8TH |
|
Hagerstown Suns batting - Pitching for Dayton Dragons : RHP Brian Trejo
|
|
Batting: LHB Yasuo Igarashi
|
0-0: Foul Ball, location: 2F 0-1: Ball 1-1: Ground out 4-3 (Groundball, 4, EV 81.2 MPH)
|
|
Batting: RHB Bobby Bricker
|
0-0: Ball 1-0: Ball 2-0: Ball 3-0: Called Strike 3-1: SINGLE (Groundball, P, EV 88.8 MPH) (infield hit)
|
|
Batting: RHB Leo Gutierrez
|
0-0: Ball Bobby Bricker steals 2nd, throwing error, E2 Bobby Bricker to third 1-0: Foul Ball, location: 2F 1-1: Ground out 6-3 (Groundball, 6, EV 92.5 MPH)
|
|
Batting: RHB Slavik Nebrodov
|
0-0: Called Strike 0-1: Ground out 6-3 (Groundball, 6, EV 85.0 MPH)
|
| Bottom of the 8th over - 0 runs, 1 hit, 1 error, 1 left on base; Dayton 2 - Hagerstown 5 |
| TOP OF THE 9TH |
|
Dayton Dragons batting - Pitching for Hagerstown Suns : RHP Steve Barnes
|
|
Pitching: LHP Anton Erlykov
|
|
|
Batting: RHB Ernie Maldonado
|
0-0: Called Strike 0-1: Foul Ball, location: 2F 0-2: Strikes out swinging
|
|
Pinch Hitting: RHB Chris Zamora
|
0-0: Ball 1-0: DOUBLE (Flyball, 89XD, EV 112.5 MPH)
|
|
Batting: LHB Tim Kirk
|
0-0: Called Strike 0-1: SINGLE (Flyball, 56D, EV 93.1 MPH) Chris Zamora to third
|
|
Batting: RHB Yutaka Sato
|
0-0: Ball 1-0: Called Strike 1-1: Ball 2-1: Ball 3-1: Base on Balls Tim Kirk to second
|
|
Batting: RHB Jake Savell
|
0-0: Ball 1-0: Swinging Strike 1-1: SINGLE (Groundball, 34D, EV 106.2 MPH) Chris Zamora scores Tim Kirk to third Yutaka Sato to second
|
|
Batting: LHB Leo Gomez
|
0-0: Ball 1-0: Swinging Strike 1-1: Swinging Strike 1-2: Strikes out swinging
|
|
Batting: RHB Mark Williams
|
0-0: Foul Ball, location: 2F 0-1: Ball 1-1: Ball 2-1: Called Strike 2-2: Strikes out looking
|
| Top of the 9th over - 1 run, 3 hits, 0 errors, 3 left on base; Dayton 3 - Hagerstown 5 |
|